 Dungeon Crawl Stone Soup version 0.18.1-8-gdd0e5ea (webtiles) character file.

731675 Shtopit the Swordmaster (level 27, -9/273 HPs)
             Began as a Minotaur Fighter on May 29, 2016.
             Was the Champion of the Shining One.
             Thrown by an iron giant (40 damage)
             ... on level 3 of the Iron City of Dis.
             The game lasted 07:30:39 (88731 turns).

Shtopit the Swordmaster (Minotaur Fighter)         Turns: 88731, Time: 07:30:39

Health: -9/273     AC: 43    Str: 37      XL:     27
Magic:  35/35      EV: 12    Int:  4 (5)  God:    the Shining One [******]
Gold:   7968       SH: 32    Dex: 22      Spells: 0 memorised, 26 levels left

rFire  + + .     SeeInvis .     t - +9 eudemon blade (holy)
rCold  + + .     Gourm    .     C - +2 crystal plate armour
rNeg   + + +     Faith    .     T - +0 large shield
rPois  .         Spirit   .     O - +0 hat {MR+}
rElec  .         Dismiss  .     L - +0 cloak {MR+}
rCorr  .         Reflect  .     B - +0 pair of gloves {Str+3}
SustAt +         Harm     .     j - +2 pair of boots {run}
MR     ++++.                    a - amulet "Zidillad" {+Rage +Fly rF+ Dex+3}
Stlth  ..........               c - ring of sustain attributes
                                x - ring of Istuts {rF+ rC++ Str+4}

@: mighty, exhausted, very slightly contaminated, hasted, glowing, very quick,
incredibly resistant to hostile enchantments, extremely unstealthy
A: retaliatory headbutt, claws 1, horns 2, large bone plates 1, deterioration 1,
slow regeneration 1
a: Divine Shield, Cleansing Flame, Summon Divine Warrior, Renounce Religion,
Evoke Berserk Rage, Evoke Flight
}: 4/15 runes: barnacled, silver, obsidian, gossamer


You were on level 3 of the Iron City of Dis.
You worshipped the Shining One.
The Shining One was exalted by your worship.
You were not hungry.

You visited 13 branches of the dungeon, and saw 59 of its levels.
You visited 1 bazaar.
You also visited: Labyrinth, Ice Cave, Volcano and Wizlab.

You collected 9907 gold pieces.
You spent 1773 gold pieces at shops.

Inventory:

Hand Weapons
 p - a +1 greatsling of freezing
 q - a +9 double sword of slicing
 t - a +9 eudemon blade of holy wrath (weapon)
Missiles
 I - 576 sling bullets
Armour
 j - a +2 pair of boots of running (worn)
 B - a +0 pair of gloves of strength (worn)
 C - a +2 crystal plate armour (worn)
 L - a +0 cloak of magic resistance (worn)
 O - a +0 hat of magic resistance (worn)
 T - a +0 large shield (worn)
Rods
 N - a +5 rod of inaccuracy (13/13)
   (You took it off a deep elf mage on level 3 of the Elven Halls)
 R - a +3 lightning rod (12/12)
   (You found it on level 2 of the Depths)
Jewellery
 a - the amulet "Zidillad" (around neck) {+Rage +Fly rF+ Dex+3}
   (You bought it in a shop in a bazaar)

   [amulet of rage]

   It affects your dexterity (+3).
   It protects you from fire.
   It lets you fly.
   It lets you go berserk.
 c - a ring of sustain attributes (right hand)
 g - an uncursed ring of resist corrosion
 r - an uncursed ring of magical power
 x - the ring of Istuts (left hand) {rF+ rC++ Str+4}
   (You took it off a deep elf knight on level 3 of the Elven Halls)

   [ring of protection from fire]

   It affects your strength (+4).
   It protects you from fire.
   It greatly protects you from cold.
 E - the ring of the Scarab {Int+8 Dex+4 Slay+3}
   (You found it on level 2 of the Depths)

   [ring of dexterity]

   It affects your intelligence (+8).
   It affects your dexterity (+4).
   It affects your accuracy and damage with ranged weapons and melee attacks
   (+3).
 S - the ring of Suwikewil {rElec rC- MR+ Str+3 Int+4}
   (You found it in an ice cave)

   [ring of protection from magic]

   It affects your strength (+3).
   It affects your intelligence (+4).
   It makes you vulnerable to cold.
   It insulates you from electricity.
   It affects your resistance to hostile enchantments.
 Y - the ring "Ohaopoef" {rPois rF+ rN+ Str+2}
   (You found it on level 3 of the Crypt)

   [ring of positive energy]

   It affects your strength (+2).
   It protects you from fire.
   It protects you from poison.
   It protects you from negative energy.
Wands
 h - a wand of teleportation (6/9)
 i - a wand of digging (14/24)
 n - a wand of acid (5/15)
Scrolls
 b - 7 scrolls of identify
 e - 22 scrolls of remove curse
 m - 6 scrolls of fear
 o - 2 scrolls of summoning
 v - 2 scrolls of holy word
 w - a scroll of brand weapon
 y - 7 scrolls of magic mapping
 z - 4 scrolls of fog
 A - 18 scrolls of teleportation
 F - a scroll of silence
 H - 3 scrolls of immolation
 P - 8 scrolls of recharging
 Q - 7 scrolls of enchant armour
Potions
 k - a potion of haste
 l - 4 potions of cure mutation
 u - 12 potions of curing
 D - 3 potions of agility
 K - a potion of resistance
 W - 10 potions of flight
 Z - 4 potions of might
Miscellaneous
 d - a legendary deck of wonders
 J - an ornate deck of defence {drawn: 1}
 M - a plain deck of escape
 U - an ornate deck of changes {drawn: 1}
 V - an ornate deck of escape {drawn: 1}
 X - a lamp of fire
Comestibles
 f - 29 bread rations
 s - 4 meat rations


   Skills:
 O Level 27 Fighting
 O Level 27 Long Blades
 + Level 0.7 Slings
 + Level 25.9 Armour
 + Level 4.3 Dodging
 O Level 27 Shields
 - Level 13.0 Invocations
 * Level 19.5 Evocations


You had 26 spell levels left.
You didn't know any spells.

Dungeon Overview and Level Annotations

Branches:
Dungeon (15/15)            Temple (0/1) D:6            Lair (8/8) D:10
 Shoals (4/4) Lair:3       Spider (4/4) Lair:4        Slime (0/6) Lair:6
    Orc (2/2) D:11            Elf (3/3) Orc:2        Vaults (5/5) D:14
  Crypt (3/3) Vaults:2       Tomb (2/3) Crypt:3      Depths (2/5) D:15
   Hell (1/1)                 Dis (3/7) Hell            Geh (7/7) Hell
    Coc (0/7) Hell            Tar (0/7) Hell

Altars:
Dithmenos
Fedhas
Gozag
Kikubaaqudgha
Makhleb
Nemelex Xobeh
Pakellas
Ru
Sif Muna
Trog
Vehumet
Xom
Yredelemnul
The Shining One
Beogh
Jiyva

Shops:
D:5 }   D:7 [*   D:10 (?   D:11 :[   D:15 *   Orc:1 !   Orc:2 ([:(*   Elf:1 %
Vaults:3 (

Portals:
Hell: Lair:8 Depths:1 Depths:2

Annotations:
Lair:6 exclusion: 2 oklob plants
Depths:1 exclusion: 2 ice statues
Depths:2 exclusion: 2 obsidian statues


Innate Abilities, Weirdness & Mutations

You reflexively headbutt those who attack you in melee.
You have a pair of horns on your head.
You have sharp fingernails.
You are partially covered in large bone plates (AC +2, SH +2).
Your body sometimes deteriorates upon taking damage.
You regenerate slowly when monsters are visible.


Message History

The stone giant is severely wounded.
You block the stone giant's attack.
You slash the stone giant! You headbutt the stone giant!
The stone giant is almost dead.
You slice the iron giant!! You headbutt the iron giant!!
The iron giant is lightly wounded.
You cut the iron giant into ribbons!!!
The iron giant is heavily wounded.
You slash the iron giant!
The iron giant is heavily wounded.
You slice the iron giant!!
You headbutt the iron giant, but do no damage.
The iron giant is severely wounded.
The iron giant throws you!
* * * LOW HITPOINT WARNING * * *
You cut the stone giant into ribbons!!!!
You kill the stone giant!
You feel yourself speed up. The iron giant throws you!
You die...

################
#..............##
##..))...######..###########
#...)......................#
####)####################..#
#..############## ## ##..#
#...#.#÷#..#....#..# #...#
### ##..'.#(C†@'.8..'..'
#8..#
#...##..#.#†#..#....#..#
#...# #......#########....##
##..#
#......#.#÷#..#(.....#. #..#
#..##..'.CC'..().....'..
#..## #.
#..#.#%#..#))....#.. #...# #
#...#########....## # ##...#
#.... #....# #..∩.# ###..
'....+ #8.†##


You could see an iron giant.

Vanquished Creatures
  Asmodeus (Geh:7)
  Mara (Spider:3)
  4 ancient liches
  2 greater mummies (Tomb:1)
  A curse toe (Crypt:3)
  Saint Roka (Crypt:3)
  Geryon (Hell)
  The ghost of manyhoops the Conqueror, an adept OgBe of Trog (Vaults:2)
  A golden dragon (Vaults:5)
  A Hellbinder (WizLab)
  31 Brimstone Fiends
  Jorgrun (Elf:3)
  Rupert (Lair:5)
  An Ice Fiend (Depths:1)
  9 liches
  An acid blob (shapeshifter) (Depths:2)
  2 deep elf blademasters (Elf:2)
  A quicksilver dragon (shapeshifter) (Depths:2)
  2 tentacled monstrosities (Vaults:5)
  A deep elf master archer (Elf:3)
  The ghost of PeterLawrence the Warrior, an adept MiFi of Okawaru (Elf:1)
  8 sphinxes
  2 titans
  An Executioner (Geh:5)
  2 eldritch tentacles
  9 ancient champions
  9 shadow dragons
  5 tengu reavers
  Ilsuiw (Shoals:4)
  The ghost of manyhoops the Eclecticist, an adept DgFE (Spider:1)
  4 storm dragons (Vaults:5)
  2 revenants
  An azure jelly (shapeshifter) (Depths:2)
  3 frost giants
  4 iron dragons
  Wiglaf (Vaults:4)
  A fire giant (shapeshifter) (Depths:2)
  7 fire giants
  4 ghost moths (Spider:4)
  Donald (Spider:2)
  8 deep elf sorcerers
  8 emperor scorpions
  18 vault wardens
  3 cacodemons
  5 orc warlords
  2 curse skulls
  6 deep elf elementalists
  Louise (Spider:1)
  21 ghouls
  36 reapers
  The ghost of DungeonMaster the Fighter, a journeyman DsWn of Gozag (Orc:2)
  17 balrugs
  10 very ugly things
  23 ironheart preservers
  10 war gargoyles
  5 vampire knights
  A caustic shrike skeleton (Crypt:3)
  11 stone giants
  2 bennus (Tomb:1)
  3 deep elf demonologists (Elf:3)
  Nessos (Lair:5)
  19 salamander stormcallers
  12 deep elf annihilators
  A spark wasp (Spider:4)
  4 blizzard demons
  5 eidola
  33 vault guards
  15 crystal guardians
  5 death oozes (Crypt:2)
  8 merfolk impalers
  4 deep elf death magi
  4 fire dragons
  13 mummy priests
  9 ettins
  17 yaktaur captains
  6 merfolk javelineers
  7 deep elf high priests
  16 jiangshi
  4 quicksilver dragon zombies
  Josephine (Orc:1)
  2 great orbs of eyes
  6 quicksilver dragon skeletons
  10 entropy weavers
  5 ice dragons
  4 rakshasas
  A spriggan air mage (Depths:2)
  15 hydras
  Fannar (D:10)
  5 hell beasts
  An alligator snapping turtle (Shoals:4)
  4 merfolk avatars
  5 death knights
  4 merfolk aquamancers
  46 dancing weapons
  12 ogre magi
  9 centaur warriors
  6 death yaks (Lair:8)
  4 satyrs
  A queen ant (Lair:3)
  6 deep troll shamans
  A queen ant (shapeshifter) (Depths:2)
  5 tengu warriors (Depths:1)
  3 titan zombies
  A hellephant zombie (Crypt:2)
  7 orc high priests
  10 vampire magi
  2 deep troll earth magi
  2 small abominations
  24 hell hogs
  35 deep elf knights
  11 storm dragon zombies
  7 fire crabs
  4 titan skeletons
  48 skeletal warriors
  4 iron golems
  12 soul eaters
  5 storm dragon skeletons
  4 wizards
  10 sun demons
  2 salamander mystics
  5 shadow wraiths
  32 death scarabs (Tomb:1)
  An unseen horror (shapeshifter) (Depths:2)
  60 hell knights
  7 sea snakes
  5 unseen horrors
  8 anaconda zombies
  A death drake (shapeshifter) (Depths:2)
  2 iron trolls
  6 golden dragon zombies
  2 ghost moth zombies
  12 flayed ghosts
  17 ironbrand convokers
  10 giant orange brains
  2 shadow demons
  21 deep elf archers
  24 deep trolls
  An obsidian statue (Depths:2)
  A hill giant (shapeshifter) (Vaults:5)
  2 shadow dragon zombies
  16 phantasmal warriors
  5 iron dragon zombies
  A golden dragon skeleton (Geh:1)
  28 orc knights
  7 anubis guards (Tomb:1)
  6 hill giants
  5 wolf spider zombies
  3 mana vipers (shapeshifter)
  13 griffons
  5 anaconda skeletons
  12 harpies
  22 necromancers
  2 lindwurms
  An apis zombie (Crypt:1)
  21 fauns
  33 wolf spiders
  A tengu skeleton (Vaults:1)
  2 fire giant zombies
  A faun (shapeshifter) (Depths:2)
  26 orb spiders
  6 stone giant zombies
  7 shadow dragon skeletons
  8 hornets
  21 salamanders
  6 orc sorcerers
  5 centaur zombies
  90 deep elf magi
  37 ugly things
  A moth of wrath (Spider:3)
  10 cyclopes
  12 manticores
  A sixfirhy (Lair:8)
  2 hornets (shapeshifter)
  6 frost giant zombies
  9 black mambas
  A griffon (shapeshifter) (Elf:3)
  5 sirens
  6 dire elephant zombies
  A cyclops (shapeshifter) (Depths:2)
  19 vault sentinels
  11 elephants
  8 stone giant skeletons
  2 shock serpent zombies
  4 iron dragon skeletons
  A spriggan zombie (Hell)
  6 frost giant skeletons
  9 smoke demons
  A torpor snail (Spider:3)
  3 water nymphs
  19 molten gargoyles
  A guardian serpent (shapeshifter) (D:15)
  21 rust devils
  A storm dragon simulacrum (Crypt:1)
  6 dire elephant skeletons
  A water nymph (shapeshifter) (Vaults:5)
  4 ice statues
  9 spiny frogs
  6 fire giant skeletons
  4 gargoyles
  34 hellions
  A mottled draconian zombie (Crypt:1)
  10 orange demons
  3 kobold demonologists
  2 rime drakes
  A yaktaur (shapeshifter) (Vaults:1)
  11 efreet
  2 emperor scorpion zombies
  7 komodo dragons
  16 freezing wraiths
  45 yaktaurs
  An alligator snapping turtle skeleton (Crypt:3)
  A black draconian zombie (Crypt:3)
  24 tormentors
  4 tengu conjurers (Depths:1)
  20 demonic crawlers
  22 merfolk
  A hellwing (Lair:8)
  A queen ant zombie (Crypt:1)
  3 entropy weaver zombies
  3 polar bears
  36 red devils
  2 catoblepas skeletons
  9 ice devils
  17 guardian mummies (Tomb:1)
  5 hydra zombies
  41 jumping spiders
  A polar bear (shapeshifter) (Depths:2)
  A sea snake skeleton (Crypt:2)
  13 trolls
  2 yaktaur skeletons
  8 wind drakes
  A troll (shapeshifter) (Depths:2)
  27 two-headed ogres
  A wind drake (shapeshifter) (Vaults:2)
  3 boulder beetles
  A two-headed ogre (shapeshifter) (Vaults:4)
  5 hydra skeletons
  2 ushabtiu (Tomb:1)
  34 blink frogs
  A slime creature (shapeshifter) (Depths:2)
  12 slime creatures
  5 bog bodies
  2 alligator zombies
  4 harpy skeletons
  5 ice dragon zombies
  3 fire dragon zombies
  8 snapping turtles
  An iron dragon simulacrum (Crypt:2)
  A frost giant simulacrum (Hell)
  A snapping turtle (shapeshifter) (Depths:2)
  6 ettin zombies
  11 air elementals
  2 black mamba zombies
  105 flying skulls
  7 fire dragon skeletons
  25 shadows
  A tarantella (shapeshifter) (Vaults:5)
  93 redbacks
  20 tarantellas
  3 wyverns
  4 alligator skeletons
  32 yaks
  9 ettin skeletons
  20 water elementals
  42 wraiths
  2 black mamba skeletons
  2 fire bats (Geh:1)
  6 ice dragon skeletons
  52 fire elementals
  A human (shapeshifter) (Vaults:2)
  3 hungry ghosts
  A basilisk (D:13)
  2 hippogriffs (shapeshifter)
  A golden eye (shapeshifter) (Depths:2)
  A steam dragon (shapeshifter) (Vaults:3)
  17 hippogriffs
  3 mottled dragons
  3 insubstantial wisps (Depths:2)
  5 vampire mosquitoes
  A merfolk zombie (Geh:7)
  20 wargs
  A gelid demonspawn zombie (Crypt:2)
  2 wargs (shapeshifter)
  7 soldier ants
  3 swamp worms (shapeshifter)
  4 spiny frog zombies
  23 water moccasins
  An infernal demonspawn skeleton (Geh:7)
  15 porcupines
  2 sky beasts
  2 spiny frog skeletons
  A giant eyeball (shapeshifter) (Vaults:5)
  69 hell hounds
  A black bear (shapeshifter) (Vaults:3)
  6 snapping turtle zombies
  88 orc warriors
  2 swamp dragon zombies
  A wasp (D:10)
  2 manticore zombies
  2 black bears
  22 ice beasts
  5 phantoms
  51 ogres
  2 eyes of draining
  An eye of draining (shapeshifter) (Depths:2)
  8 wolves
  20 centaurs
  5 snapping turtle skeletons
  21 necrophages
  A boggart (Elf:1)
  3 swamp dragon skeletons
  3 human skeletons
  2 yaktaur zombies
  6 big kobolds
  19 crocodiles
  An elf zombie (Geh:7)
  A gnoll sergeant (D:7)
  A wyvern zombie (D:12)
  A cyclops zombie (Crypt:3)
  7 earth elementals
  26 giant frogs
  An elf skeleton (Geh:5)
  A wyvern skeleton (D:12)
  A salamander skeleton (Crypt:1)
  5 scorpions
  A troll zombie (Crypt:3)
  11 killer bees
  A troll skeleton (Crypt:3)
  A spriggan skeleton (Crypt:3)
  82 wights
  A howler monkey (D:14)
  4 electric eels
  5 jellies
  19 crimson imps
  2 human simulacra
  A wasp zombie (Crypt:2)
  34 orc priests
  5 hounds
  2 giant frog skeletons
  2 gnoll shamans
  20 iron imps
  4 centaur skeletons
  A human zombie (Geh:7)
  53 orc wizards
  42 worker ants
  9 iguanas
  A worker ant (shapeshifter) (Elf:3)
  7 hell rats (Lair:4)
  14 sheep
  A tengu zombie (Geh:1)
  A demigod zombie (Crypt:3)
  An ogre skeleton (Crypt:3)
  A hound skeleton (D:6)
  24 mummies
  11 gnolls
  11 adders
  28 river rats
  7 shadow imps
  13 white imps
  An ufetubus (WizLab)
  An ooze (D:3)
  A lava snake zombie (Crypt:2)
  3 adder skeletons
  An iguana skeleton (Crypt:3)
  4 worms
  A dart slug (D:1)
  7 giant geckos
  180 orcs
  2 ball pythons
  5 bats
  6 giant cockroaches
  9 hobgoblins
  8 jackals
  7 quokkas
  10 giant newts
  11 goblins
  34 kobolds
  A kobold zombie (Geh:6)
  An orc zombie (Crypt:2)
  A quokka skeleton (Crypt:3)
  A quokka zombie (D:6)
  7 rats
  3 fungi
  2 lost souls (Hell)
  5 plants (Shoals:4)
3791 creatures vanquished.

Vanquished Creatures (collateral kills)
  A deep elf high priest (Vaults:5)
1 creature vanquished.

Vanquished Creatures (others)
  A deep elf elementalist (Elf:3)
  A deep elf demonologist (WizLab)
  2 ogre magi
  3 hell hogs
  A polar bear (Depths:1)
  3 flying skulls
  2 water elementals
  A fire elemental (Geh:7)
  An orc warrior (Vaults:5)
  An ogre (Vaults:1)
  A crocodile (Lair:5)
  A wight (Geh:1)
  A crimson imp (Hell)
  An iron imp (Dis:2)
  An orc wizard (Orc:1)
  A tengu zombie (Hell)
  A mummy (Tomb:2)
  10 ball lightnings (Depths:2)
  An orc (Orc:1)
  47 eldritch tentacle segments
  A fire vortex (Vaults:5)
  6 fungi
  11 lost souls
  17 plants
  21 withered plants (Crypt:2)
137 creatures vanquished.

Grand Total: 3929 creatures vanquished

Notes
Turn   | Place    | Note
--------------------------------------------------------------
     0 | D:1      | Shtopit the Minotaur Fighter began the quest for the Orb.
     0 | D:1      | Reached XP level 1. HP: 19/19 MP: 0/0
   366 | D:1      | Reached XP level 2. HP: 27/27 MP: 1/1
   927 | D:2      | Reached XP level 3. HP: 32/33 MP: 2/2
  1167 | D:2      | Found a sparkling altar of Nemelex Xobeh.
  1820 | D:3      | Reached skill level 1 in Dodging
  1874 | D:3      | Reached XP level 4. HP: 35/40 MP: 3/3
  1977 | D:3      | Reached skill level 5 in Shields
  2320 | D:3      | Found a deep blue altar of Sif Muna.
  2591 | D:4      | Reached XP level 5. HP: 46/47 MP: 4/4
  2738 | D:4      | Reached skill level 5 in Armour
  3497 | D:3      | Reached XP level 6. HP: 15/53 MP: 5/5
  3998 | D:4      | Found a bloodstained altar of Trog.
  4079 | D:3      | Reached skill level 5 in Fighting
  4345 | D:4      | Found an oddly glowing altar of Pakellas.
  4347 | D:4      | Found a glowing golden altar of the Shining One.
  4363 | D:4      | Became a worshipper of the Shining One
  4415 | D:5      | Entered Level 5 of the Dungeon
  4482 | D:5      | Reached XP level 7. HP: 46/61 MP: 6/6
  4954 | D:5      | Found Poib's Gadget Emporium.
  5185 | D:6      | Reached * piety under the Shining One
  5267 | D:6      | Reached skill level 5 in Long Blades
  5347 | D:6      | Found a staircase to the Ecumenical Temple.
  5620 | D:6      | Reached XP level 8. HP: 68/70 MP: 7/7
  5875 | D:6      | Found a shimmering altar of Xom.
  6067 | D:6      | You fall through a shaft!
  6428 | D:7      | Found Vieck's Assorted Antiques.
  7015 | D:7      | Found Yreab's Armour Boutique.
  7215 | D:7      | Reached XP level 9. HP: 78/78 MP: 8/8
  7604 | D:8      | Found a shadowy altar of Dithmenos.
  7785 | D:9      | Reached ** piety under the Shining One
  7962 | D:8      | Found a radiant altar of Vehumet.
  9480 | D:10     | Entered Level 10 of the Dungeon
  9524 | D:10     | Reached XP level 10. HP: 82/88 MP: 9/9
  9535 | D:10     | Found a staircase to the Lair.
  9535 | D:10     | Noticed an elephant
  9579 | D:10     | Killed an elephant
  9579 | D:10     | Reached skill level 10 in Shields
  9643 | D:10     | Found Goggicar's Magic Scroll Boutique.
  9663 | D:10     | Found Feney's Weapon Boutique.
  9788 | D:10     | Noticed a hill giant
  9840 | D:10     | Noticed Fannar
 10031 | D:11     | Noticed a cyclops
 10145 | D:10     | Killed Fannar
 10193 | D:10     | Got a scorched lapis lazuli ring
 10195 | D:10     | Identified the ring "Gicrul" {Wiz Int+4} (You found it on level 10 of the Dungeon)
 10253 | D:10     | Killed a hill giant
 10259 | D:11     | Reached *** piety under the Shining One
 10293 | D:11     | Noticed a gargoyle
 10306 | D:11     | Found Kuasior's Book Shop.
 10316 | D:11     | Found a labyrinth entrance.
 10325 | Lab      | Entered a labyrinth
 10638 | Lab      | Noticed a minotaur
 10807 | Lab      | HP: 2/90 [minotaur/great sword of holy wrath (9)]
 10812 | Lab      | HP: 1/90 [minotaur/great sword of holy wrath (9)]
 11294 | D:11     | Reached skill level 10 in Armour
 11303 | D:11     | Reached skill level 10 in Long Blades
 11456 | D:11     | Noticed a soul eater
 11741 | D:11     | Killed a gargoyle
 11927 | D:11     | Reached XP level 11. HP: 97/97 MP: 10/10
 11937 | D:11     | Noticed a hill giant
 12068 | Lair:1   | Entered Level 1 of the Lair of Beasts
 12222 | Lair:1   | Found a frozen archway.
 12258 | Lair:1   | Reached **** piety under the Shining One
 12285 | IceCv    | Entered an ice cave
 12694 | IceCv    | Noticed an ice dragon
 12694 | IceCv    | Noticed an ice dragon
 12696 | IceCv    | Gained mutation: Your mind is acute. (Int +2) [potion of beneficial mutation]
 12702 | IceCv    | Killed an ice dragon
 12702 | IceCv    | Reached skill level 10 in Fighting
 12714 | IceCv    | Killed an ice dragon
 12903 | IceCv    | Got a transparent ivory ring
 13063 | IceCv    | Identified the ring of Suwikewil {rElec rC- MR+ Str+3 Int+4} (You found it in an ice cave)
 13139 | Lair:1   | Noticed a six-headed hydra
 13401 | D:10     | Found a shimmering altar of Xom.
 13637 | D:11     | Killed a hill giant
 13889 | D:11     | Found Dehonaumn's Armour Shop.
 13989 | D:11     | Found a staircase to the Orcish Mines.
 14030 | D:11     | Reached XP level 12. HP: 107/107 MP: 11/11
 14152 | D:11     | Found a sacrificial altar of Ru.
 14551 | D:12     | Found an ancient bone altar of Kikubaaqudgha.
 14850 | D:12     | Reached ***** piety under the Shining One
 16027 | D:13     | Noticed a centaur warrior
 16039 | D:13     | Killed a centaur warrior
 16083 | D:13     | Noticed a centaur warrior
 16094 | D:13     | Killed a centaur warrior
 16440 | D:13     | Reached XP level 13. HP: 84/118 MP: 12/12
 17107 | D:13     | Noticed an orc warlord
 17242 | D:14     | Found a flickering gateway to a bazaar.
 17298 | Bazaar   | Entered a bazaar
 17298 | Bazaar   | Found Qobbata's Assorted Antiques.
 17298 | Bazaar   | Found Vatek's Antique Weapon Shoppe.
 17298 | Bazaar   | Found Lurenlei's Food Emporium.
 17300 | Bazaar   | Found Dein's Jewellery Shoppe.
 17308 | Bazaar   | Bought the amulet "Zidillad" {+Rage +Fly rF+ Dex+3} for 561 gold pieces
 17314 | Bazaar   | Bought a scroll labeled ZIOM VOECIEGIDGH for 37 gold pieces
 17314 | Bazaar   | Bought a scroll labeled CICEUGYULI for 37 gold pieces
 17314 | Bazaar   | Bought a cyan potion for 33 gold pieces
 17314 | Bazaar   | Bought a scroll labeled VOIP HEYGO for 37 gold pieces
 17429 | D:14     | Reached ****** piety under the Shining One
 17894 | D:14     | Found a gate to the Vaults.
 17894 | D:14     | Noticed a vault guard
 17894 | D:14     | Noticed a vault guard
 17894 | D:14     | Noticed a vault guard
 19699 | Lair:2   | Reached skill level 15 in Long Blades
 20184 | Lair:3   | Reached skill level 15 in Shields
 20314 | Lair:3   | Found a staircase to the Shoals.
 20761 | Lair:3   | Reached XP level 14. HP: 129/129 MP: 13/13
 20841 | Lair:3   | Identified the Volume of Scorching Talismans (You found it on level 3 of the Lair of Beasts)
 21317 | Lair:4   | Found a hole to the Spider Nest.
 21333 | Lair:4   | Got a crude cloak
 21344 | Lair:4   | Identified the +3 cloak "Umelud" {Int+2 SInv} (You found it on level 4 of the Lair of Beasts)
 21429 | Lair:4   | Gained mutation: Your magical capacity is low (-10% MP). [potion of mutation]
 21429 | Lair:4   | Gained mutation: You tend to lose your temper in combat. [potion of mutation]
 21429 | Lair:4   | Gained mutation: Scrolls take you a little longer to read. [potion of mutation]
 21430 | Lair:4   | Lost mutation: You tend to lose your temper in combat. [potion of cure mutation]
 21430 | Lair:4   | Lost mutation: Your magical capacity is low (-10% MP). [potion of cure mutation]
 21430 | Lair:4   | Lost mutation: Scrolls take you a little longer to read. [potion of cure mutation]
 21430 | Lair:4   | Lost mutation: Your mind is acute. (Int +2) [potion of cure mutation]
 21754 | Lair:5   | Noticed Nessos
 21779 | Lair:5   | Killed Nessos
 21914 | Lair:5   | Found a dark tunnel.
 21941 | Volcano  | Entered a volcano
 22326 | Lair:5   | Noticed Rupert
 22340 | Lair:5   | Killed Rupert
 22340 | Lair:5   | Reached skill level 1 in Evocations
 22974 | Lair:6   | Found a staircase to the Slime Pits.
 22974 | Lair:6   | Found a viscous altar of Jiyva.
 24400 | Lair:8   | Entered Level 8 of the Lair of Beasts
 24511 | Lair:8   | Reached XP level 15. HP: 132/139 MP: 15/15
 24926 | Lair:8   | Reached skill level 15 in Fighting
 25069 | Lair:8   | Found a burning altar of Makhleb.
 25373 | Lair:8   | Found a gateway to Hell.
 25750 | Orc:1    | Entered Level 1 of the Orcish Mines
 25797 | D:11     | Reached skill level 1 in Invocations
 25868 | Orc:1    | Found Naopnuet's Distillery.
 25877 | Orc:1    | Bought a potion of heal wounds for 55 gold pieces
 25877 | Orc:1    | Bought a potion of heal wounds for 55 gold pieces
 25877 | Orc:1    | Bought a potion of resistance for 110 gold pieces
 25936 | Orc:1    | Noticed Josephine
 25945 | Orc:1    | Killed Josephine
 26061 | Orc:2    | Entered Level 2 of the Orcish Mines
 26061 | Orc:2    | Found a staircase to the Elven Halls.
 26096 | Orc:2    | Noticed DungeonMaster's ghost (journeyman DsWn)
 26125 | Orc:2    | Killed DungeonMaster's ghost
 26317 | Orc:2    | Noticed an orc warlord
 26349 | Orc:1    | Killed an orc warlord
 26614 | Orc:2    | Noticed an orc warlord
 26726 | Orc:2    | Killed an orc warlord
 26783 | Orc:2    | Found Vagiz's Antique Weapon Shop.
 26785 | Orc:2    | Found a roughly hewn altar of Beogh.
 26791 | Orc:2    | Found Qotuq's Antique Armour Boutique.
 27099 | Orc:2    | Found a roughly hewn altar of Beogh.
 27289 | Orc:2    | Found a roughly hewn altar of Beogh.
 27292 | Orc:2    | Found Kiov's Assorted Antiques.
 27313 | Orc:2    | Bought an encrusted gilded ring for 150 gold pieces
 27313 | Orc:2    | Bought a scroll of identify for 60 gold pieces
 27415 | Orc:2    | Found a roughly hewn altar of Beogh.
 27415 | Orc:2    | Found Cuak's Book Boutique.
 27579 | Orc:2    | Found a roughly hewn altar of Beogh.
 27580 | Orc:2    | Found Ugodell's Antique Weapon Shop.
 27639 | Orc:2    | Found a roughly hewn altar of Beogh.
 27712 | Elf:1    | Entered Level 1 of the Elven Halls
 27727 | Elf:1    | Found Fiwigekh's Food Shoppe.
 27873 | Elf:1    | Reached XP level 16. HP: 118/149 MP: 17/17
 28321 | Elf:1    | Noticed PeterLawrence's ghost (adept MiFi)
 28348 | Elf:1    | Killed PeterLawrence's ghost
 29069 | Elf:2    | Found an ancient bone altar of Kikubaaqudgha.
 30461 | Elf:1    | Reached skill level 15 in Armour
 30461 | Elf:1    | Reached skill level 5 in Invocations
 30600 | Elf:1    | Reached skill level 5 in Evocations
 31003 | Elf:2    | Found a runed gate.
 31004 | Elf:2    | Found a runed gate.
 31008 | Elf:2    | Found a runed gate.
 31763 | Elf:2    | Found a roughly hewn altar of Beogh.
 32194 | Elf:2    | Reached XP level 17. HP: 142/158 MP: 20/20
 32412 | Elf:2    | Noticed a deep elf blademaster
 32424 | Elf:2    | Killed a deep elf blademaster
 32855 | Elf:3    | Entered Level 3 of the Elven Halls
 33069 | Elf:3    | Noticed Jorgrun
 33079 | Elf:3    | Killed Jorgrun
 34074 | Elf:3    | Noticed a deep elf blademaster
 34090 | Elf:2    | Killed a deep elf blademaster
 35436 | Elf:3    | Noticed a deep elf master archer
 35475 | Elf:3    | Gained mutation: You are dopey. (Int -2) [a neqoxec]
 35600 | Elf:3    | Killed a deep elf master archer
 35720 | Elf:3    | Reached XP level 18. HP: 94/168 MP: 22/22
 37037 | Elf:3    | Identified Umimy's Incunabulum of Augmentations
 37053 | Elf:3    | Identified the Volume of Darkness and Execration (You found it on level 3 of the Elven Halls)
 37145 | Elf:3    | Got an ancient hat
 37156 | Elf:3    | Identified the +3 hat of Dithmenos's Vengeance {-Tele rN+ rCorr Int+5} (You found it on level 3 of the Elven Halls)
 37205 | Elf:3    | Got a slimy pewter ring
 37207 | Elf:3    | Identified the ring of Istuts {rF+ rC++ Str+4} (You took it off a deep elf knight on level 3 of the Elven Halls)
 37305 | Elf:3    | Got a faintly humming scale mail
 37316 | Elf:3    | Identified the cursed +0 scale mail "Teasone" {*Contam rPois rN++ Dex+8} (You took it off a deep elf high priest on level 3 of the Elven Halls)
 37675 | Spider:1 | Entered Level 1 of the Spider Nest
 37793 | Spider:1 | Noticed Louise
 37826 | Spider:1 | Killed Louise
 37830 | Spider:1 | Noticed manyhoops's ghost (adept DgFE)
 38128 | Spider:1 | Killed manyhoops's ghost
 38780 | Spider:2 | Noticed Donald
 38790 | Spider:2 | Killed Donald
 39842 | Spider:3 | Noticed Mara
 39844 | Spider:3 | Noticed Shtopit's illusion
 39858 | Spider:4 | Entered Level 4 of the Spider Nest
 40606 | Spider:4 | Identified a +4 rod of inaccuracy (12/12) (You took it off a deep elf mage on level 3 of the Elven Halls)
 40624 | Spider:4 | Reached XP level 19. HP: 62/177 MP: 25/25
 42290 | Spider:4 | Reached skill level 10 in Invocations
 42894 | Spider:4 | Got a gossamer rune of Zot
 43494 | Spider:3 | Noticed Shtopit's illusion
 43519 | Spider:3 | Noticed Shtopit's illusion
 43532 | Spider:3 | Noticed Shtopit's illusion
 43555 | Spider:3 | Noticed Shtopit's illusion
 43938 | Spider:3 | Noticed Shtopit's illusion
 43940 | Spider:3 | Killed Mara
 44739 | Lair:4   | Found a radiant altar of Vehumet.
 46002 | D:14     | Found a blossoming altar of Fedhas.
 46151 | Vaults:1 | Entered Level 1 of the Vaults
 46344 | Vaults:1 | Lost mutation: You are dopey. (Int -2) [potion of cure mutation]
 47274 | Vaults:1 | Reached XP level 20. HP: 187/187 MP: 27/27
 47297 | Vaults:1 | Reached skill level 10 in Evocations
 48151 | Vaults:2 | Noticed manyhoops's ghost (adept OgBe)
 48167 | Vaults:2 | Killed manyhoops's ghost
 48360 | Vaults:2 | Found a deep blue altar of Sif Muna.
 49697 | Vaults:2 | Found a staircase to the Crypt.
 49697 | Vaults:2 | Found an ancient bone altar of Kikubaaqudgha.
 49700 | Vaults:2 | Found a basalt altar of Yredelemnul.
 50392 | Vaults:3 | Reached XP level 21. HP: 138/195 MP: 28/28
 52208 | Vaults:3 | Found Epej's Antique Weapon Shoppe.
 53537 | Vaults:4 | Noticed Wiglaf
 53554 | Vaults:4 | Killed Wiglaf
 53560 | Vaults:4 | Got a pitted shield
 53561 | Vaults:4 | Identified the +0 shield "Amen" {*Corrode rElec rPois} (You took it off Wiglaf on level 4 of the Vaults)
 54120 | Vaults:4 | Found an opulent altar of Gozag.
 54964 | Vaults:4 | Reached XP level 22. HP: 205/205 MP: 30/30
 55263 | Crypt:1  | Entered Level 1 of the Crypt
 56596 | Crypt:3  | Entered Level 3 of the Crypt
 56596 | Crypt:3  | Found a staircase to the Tomb.
 56702 | Crypt:3  | Found a magical portal.
 56717 | WizLab   | Entered The Hall of Avva the Hellbinder
 57175 | WizLab   | Found a burning altar of Makhleb.
 57199 | WizLab   | Gained mutation: You are frail (-10% HP). [a neqoxec]
 57334 | Crypt:3  | Identified a +4 eudemon blade of holy wrath (a +2 demon blade of electrocution blessed by the Shining One)
 57334 | Crypt:3  | Received a gift from the Shining One
 57539 | Crypt:3  | Reached XP level 23. HP: 193/193 MP: 31/31
 57842 | Crypt:3  | Noticed a curse toe
 57847 | Crypt:3  | Killed a curse toe
 58173 | Crypt:3  | Got a steaming pewter ring
 58183 | Crypt:3  | Got a shimmering ruby amulet
 58185 | Crypt:3  | Identified the amulet "Ahiuz" {*Drain +Fly rN++ Regen+ Dex+2} (You found it on level 3 of the Crypt)
 58186 | Crypt:3  | Identified the ring "Kochomat" {rC+ rN+ MP+9 Str-5} (You found it on level 3 of the Crypt)
 58191 | Crypt:3  | Got a slimy silver ring
 58192 | Crypt:3  | Identified the ring "Ohaopoef" {rPois rF+ rN+ Str+2} (You found it on level 3 of the Crypt)
 58723 | Crypt:3  | Noticed Saint Roka
 58745 | Crypt:3  | Killed Saint Roka
 58884 | Crypt:3  | Noticed an ancient lich
 58899 | Crypt:3  | Killed an ancient lich
 59080 | Tomb:1   | Entered Level 1 of the Tomb of the Ancients
 60244 | Tomb:1   | Noticed an ancient lich
 60255 | Tomb:1   | Killed an ancient lich
 60388 | Tomb:1   | Noticed a greater mummy
 60587 | Tomb:1   | Noticed a greater mummy
 60599 | Tomb:1   | Killed a greater mummy
 60599 | Tomb:1   | Reached XP level 24. HP: 160/197 MP: 32/32
 61192 | Tomb:2   | Identified a scroll of acquirement
 61195 | Tomb:2   | Noticed a greater mummy
 61196 | Tomb:2   | Noticed an ancient lich
 61196 | Tomb:2   | Noticed a greater mummy
 61196 | Tomb:2   | Noticed an ancient lich
 61963 | Tomb:1   | Killed an ancient lich
 62074 | Tomb:1   | Killed an ancient lich
 62676 | Tomb:1   | Killed a greater mummy
 63406 | Shoals:1 | Entered Level 1 of the Shoals
 63439 | Shoals:1 | Lost mutation: You are frail (-10% HP). [potion of cure mutation]
 65583 | Shoals:4 | Entered Level 4 of the Shoals
 66411 | Shoals:4 | Got a barnacled rune of Zot
 66460 | Shoals:4 | Noticed Ilsuiw
 66471 | Shoals:4 | Killed Ilsuiw
 67511 | Vaults:4 | Gained mutation: You are somewhat resistant to further mutation. [helix card]
 67541 | Vaults:5 | Entered Level 5 of the Vaults
 67790 | Vaults:5 | Reached XP level 25. HP: 164/221 MP: 33/33
 67791 | Vaults:5 | Reached skill level 15 in Evocations
 68712 | Vaults:5 | HP: 7/236 [acid (11)]
 69951 | Vaults:5 | Got a silver rune of Zot
 70226 | Vaults:5 | Got a crude turquoise ring
 70228 | Vaults:5 | Identified the ring of Doqeus {EV+1 Int+4} (You found it on level 5 of the Vaults)
 70395 | Vaults:5 | Identified a +2 pair of boots of running (You found it on level 5 of the Vaults)
 70438 | Vaults:5 | Lost mutation: You are somewhat resistant to further mutation. [helix card]
 70440 | Vaults:5 | Hired Gozeir the naga for 166 gold.
 71326 | D:10     | Bought a scroll of enchant armour for 127 gold pieces
 71326 | D:10     | Bought a scroll of holy word for 127 gold pieces
 71326 | D:10     | Bought a scroll of identify for 34 gold pieces
 71326 | D:10     | Bought a scroll of identify for 34 gold pieces
 71449 | D:5      | Bought a plain deck of escape for 196 gold pieces
 71632 | D:15     | Entered Level 15 of the Dungeon
 71637 | D:15     | Found a shadowy altar of Dithmenos.
 72100 | D:15     | Found a staircase to the Depths.
 72238 | D:15     | Found Holut's Assorted Antiques.
 72246 | D:15     | Bought a potion of curing for 120 gold pieces
 72387 | Depths:1 | Entered Level 1 of the Depths
 73356 | Depths:1 | Reached XP level 26. HP: 242/246 MP: 33/33
 75037 | Depths:2 | Gained mutation: You are partially covered in large bone plates (AC +2, SH +2). [a neqoxec]
 75061 | Depths:2 | Reached skill level 27 in Long Blades
 75215 | Depths:2 | Got a warped marble ring
 76301 | Hell     | Entered the Vestibule of Hell
 76301 | Hell     | Noticed Geryon
 76616 | Hell     | Killed Geryon
 76872 | Hell     | Gained mutation: You have sharp fingernails. [a cacodemon]
 76882 | Hell     | Gained mutation: You regenerate slowly when monsters are visible. [a cacodemon]
 77298 | Hell     | Found a gateway to the ashen valley of Gehenna.
 77665 | Hell     | Found a gateway to the Iron City of Dis.
 77799 | Hell     | Found a gateway to the decaying netherworld of Tartarus.
 77876 | Hell     | Found a gateway to the freezing wastes of Cocytus.
 78150 | Geh:1    | Entered Level 1 of Gehenna
 78439 | Geh:1    | Reached skill level 27 in Shields
 79437 | Geh:2    | Reached XP level 27. HP: 258/258 MP: 34/34
 80743 | Geh:3    | Gained mutation: Your body sometimes deteriorates upon taking damage. [mutagenic glow]
 83273 | Geh:6    | Found a huge runed gate.
 83273 | Geh:6    | Found a huge runed gate.
 83273 | Geh:6    | Found a huge runed gate.
 83273 | Geh:6    | Found a huge runed gate.
 83273 | Geh:6    | Found a huge runed gate.
 83274 | Geh:6    | Found a huge runed gate.
 83274 | Geh:6    | Found a huge runed gate.
 83983 | Geh:6    | Found a huge runed gate.
 83983 | Geh:6    | Found a huge runed gate.
 83984 | Geh:6    | Found a huge runed gate.
 83985 | Geh:6    | Found a huge runed gate.
 83994 | Geh:6    | Found a huge runed gate.
 83994 | Geh:6    | Found a huge runed gate.
 84006 | Geh:6    | Found a huge runed gate.
 84006 | Geh:6    | Found a huge runed gate.
 84006 | Geh:6    | Found a huge runed gate.
 84007 | Geh:6    | Found a huge runed gate.
 84008 | Geh:6    | Found a huge runed gate.
 84009 | Geh:6    | Found a huge runed gate.
 84010 | Geh:6    | Found a huge runed gate.
 84047 | Geh:6    | Found a huge runed gate.
 84047 | Geh:6    | Found a huge runed gate.
 84048 | Geh:6    | Found a huge runed gate.
 84071 | Geh:6    | Found a huge runed gate.
 84071 | Geh:6    | Found a huge runed gate.
 84072 | Geh:6    | Found a huge runed gate.
 84097 | Geh:6    | Found a huge runed gate.
 84097 | Geh:6    | Found a huge runed gate.
 84097 | Geh:6    | Found a huge runed gate.
 84097 | Geh:6    | Found a huge runed gate.
 84369 | Geh:7    | Entered Level 7 of Gehenna
 84650 | Geh:7    | Reached skill level 27 in Fighting
 85529 | Geh:7    | Noticed Asmodeus
 85561 | Geh:7    | Killed Asmodeus
 85621 | Geh:7    | Got an obsidian rune of Zot
 85664 | Geh:7    | Identified the Almanac of Poison and Curses (You found it on level 7 of Gehenna)
 85810 | Geh:7    | Lost intelligence.
 85995 | Dis:1    | Entered Level 1 of the Iron City of Dis
 87273 | Dis:2    | Lost intelligence.
 87284 | Dis:2    | Identified the ring of the Scarab {Int+8 Dex+4 Slay+3} (You found it on level 2 of the Depths)
 88731 | Dis:3    | Thrown by an iron giant

Skill      XL: |  1  2  3  4  5  6  7  8  9 10 11 12 13 14 15 16 17 18 19 20 21 22 23 24 25 26 27 |
---------------+----------------------------------------------------------------------------------+-----
Shields        | 4 5 6 7 8 9 11 13 14 15 16 17 18 19 20 21 22 23 24 25 27 | 27.0
Fighting       | 4 5 6 8 9 10 12 13 14 15 16 17 18 19 20 21 22 23 27 | 27.0
Armour         | 4 5 6 7 8 9 10 11 12 13 14 15 16 17 18 19 20 25 | 25.9
Dodging        | 1 3 4 |  4.3
Long Blades    | 3 5 6 8 10 12 13 15 16 18 19 20 21 22 23 24 25 26 27 | 27.0
Evocations     | 1 3 6 7 8 9 10 11 12 14 15 16 19 | 19.5
Invocations    | 3 6 7 9 10 11 13 | 13.0
Slings         | |  0.7

Action                   |  1- 3 |  4- 6 |  7- 9 | 10-12 | 13-15 | 16-18 | 19-21 | 22-24 | 25-27 || total
-------------------------+-------+-------+-------+-------+-------+-------+-------+-------+-------++-------
Melee: Long sword        |   115 |   209 |   439 |   542 |       |       |       |       |       ||  1305
       Headbutt          |     9 |    33 |    76 |   250 |   359 |   363 |   650 |   469 |  1075 ||  3284
       Scimitar          |       |       |       |   395 |  1430 |  1213 |   818 |       |       ||  3856
       Double sword      |       |       |       |       |       |     7 |  1096 |   870 |   778 ||  2751
       Eudemon blade     |       |       |       |       |       |       |       |   721 |  2372 ||  3093
 Fire: Greatsling        |       |       |       |       |       |       |       |     4 |       ||     4
Invok: Divine Shield     |       |       |       |     1 |       |       |       |       |       ||     1
       Cleansing Flame   |       |       |       |       |       |       |       |     3 |     2 ||     5
       Brand Weapon With |       |       |       |       |       |       |       |     1 |       ||     1
       Summon Divine War |       |       |       |       |       |       |       |       |     1 ||     1
 Abil: Evoke Berserk Rag |       |       |       |       |     2 |     6 |     2 |       |     6 ||    16
       Evoke Flight      |       |       |       |       |       |       |       |       |     1 ||     1
Evoke: Wand              |       |       |       |     1 |     5 |     1 |     4 |       |       ||    11
       Rod               |       |       |       |       |       |     1 |     7 |       |       ||     8
       Deck              |       |       |       |       |       |       |       |     2 |     7 ||     9
  Use: Potion            |     1 |       |     1 |     9 |     4 |     8 |     5 |     2 |    15 ||    45
       Scroll            |       |       |     8 |     6 |    17 |     8 |    13 |    25 |    11 ||    88
 Stab: Distracted        |       |       |       |       |       |       |       |       |     1 ||     1
  Eat: Chunk             |     2 |    10 |    18 |    21 |    39 |    18 |    32 |    12 |    14 ||   166
       Fruit             |       |       |     3 |     2 |       |     7 |    16 |       |     2 ||    30
       Pizza             |       |       |     1 |     1 |     1 |     9 |     1 |     1 |       ||    14
       Royal jelly       |       |       |       |       |       |     2 |     1 |       |       ||     3
       Beef jerky        |       |       |       |       |       |     3 |       |     1 |     1 ||     5
       Meat ration       |       |       |       |       |       |       |       |     6 |    11 ||    17
       Bread ration      |       |       |       |       |       |       |       |     1 |       ||     1
Armor: Scale mail        |    21 |       |       |       |       |       |       |       |       ||    21
       Plate armour      |    40 |   119 |    68 |       |       |       |       |       |       ||   227
       Skin              |       |       |    65 |       |       |       |       |       |       ||    65
       Crystal plate arm |       |       |   207 |   480 |   642 |   598 |   714 |   589 |  1061 ||  4291
Dodge: Dodged            |    30 |    35 |    66 |   172 |   324 |   288 |   367 |   299 |   482 ||  2063
Block: Shield            |    73 |   101 |   326 |   600 |  1069 |   886 |   533 |       |       ||  3588
       Large shield      |       |       |       |       |       |       |  1547 |  2009 |  3347 ||  6903
